[Event "*** Titled Tuesday Blitz"]
[Site "Chess.com"]
[Date "2021.04.06"]
[Round "7"]
[White "MaxLeto"]
[Black "Schack-Hugo"]
[Result "0-1"]
[WhiteElo "2337"]
[BlackElo "2215"]
[TimeControl "180+1"]
[EndTime "11:18:24 PDT"]
[Termination "Schack-Hugo won by checkmate"]

1. f3 e5 2. Kf2 h5 3. c3 h4 4. Ke3 d5 5. Kd3 Bf5+ 6. Ke3 d4+ 7. Kf2 Bc5 8. Ke1 h3 9. g3 Nf6 10. Na3 Bxa3 11. Qa4+ Nc6 12. Qxa3 Qd7 13. e4 dxe3 14. dxe3 O-O-O 15. Be2 Bd3 16. e4 Bxe2 17. Kxe2 Qd1+ 18.
Kf2 Qc2+ 19. Ne2 g5 20. Qb3 Qd3 21. Bxg5 Nxe4+ 22. fxe4 f6 23. Qe6+ Kb8 24. Be3 Qxe4 25. Rhg1 Rd3 26. Bc5 Qf3+ 27. Ke1 Rhd8 28. Qxh3 Rd2 29.
Qg2 Qd3 30. b4 e4 31. Qf1 e3 32. Nd4 Nxd4 33. Qxd3 Nf3+ 34. Kf1 Rf2# 0-1

[Event "*** Titled Tuesday Blitz"]
[Site "Chess.com"]
[Date "2021.04.06"]
[Round "7"]
[White "AlexTriapishko"]
[Black "szabadaba"]
[Result "0-1"]
[WhiteElo "2818"]
[BlackElo "2699"]
[TimeControl "180+1"]
[EndTime "11:18:25 PDT"]
[Termination "szabadaba won on time"]

1. Nf3 d5 2. g3 Nf6 3. Bg2 e6 4. c4 Be7 5. O-O O-O 6. d4 dxc4 7. Qc2 a6 8. a4 Bd7 9. Qxc4 Bc6 10. Bg5 a5 11.
Nc3 Bxf3 12. Bxf3 c6 13. Bxf6 Bxf6 14. e3 Na6 15. Kg2 Nb4 16. Ne4 Be7 17. h4 Qb6 18. h5 Nd5 19. b3 Rfd8 20. Qc2 Rac8 21. Nd2 Nb4 22. Qe4 Nd5 23. Qd3 c5 24. Nc4 Qb4 25. e4 Nc3 26. d5 exd5 27. exd5 Bf6 28. d6 b5 29. axb5 Nxb5 30. Ra4 Qc3 31. Qxc3 Bxc3 32. d7 Rc7 33. Bg4 Nd4 34. Nxa5 f5 35. Bf3 Rdxd7 0-1

[Event "*** Titled Tuesday Blitz"]
[Site "Chess.com"]
[Date "2021.04.06"]
[Round "7"]
[White "Chernobay_Artem"]
[Black "ARMQUEEN"]
[Result "1-0"]
[WhiteElo "2576"]
[BlackElo "2300"]
[TimeControl "180+1"]
[EndTime "11:18:25 PDT"]
[Termination "Chernobay_Artem won by checkmate"]

1. d4 Nf6 2. c4 c5 3. d5 g6 4. Nc3 Bg7 5. e4 d6 6. Nf3 O-O 7. Be2 a6 8. O-O e6 9. a4 exd5 10. cxd5 Nbd7 11. Bf4 Qe7 12. Nd2 Ne8 13. Bg3 f5 14.
exf5 Rxf5 15. Bg4 Rf8 16. Be6+ Kh8 17. Nc4 Rb8 18. Ne4 Ne5 19. Nxe5 dxe5 20. Bxc8 Rxc8 21. d6 Qd7 22. Qd5 Rf5 23. Rfd1 b6 24. a5 Rc6 25. axb6 Rxb6 26. Qxc5 Rxb2 27. Rxa6 h6 28. Ra7 Qd8 29. d7 Kh7 30. h4 Rf7 31. Qd5 Re7 32. Ra8 Rxd7 33. Rxd8 Rxd5 34. R1xd5 Nc7 35. R5d7 Ne6 36.
Nf6# 1-0

[Event "*** Titled Tuesday Blitz"]
[Site "Chess.com"]
[Date "2021.04.06"]
[Round "7"]
[White "Andrakhanova"]
[Black "Trickov"]
[Result "0-1"]
[WhiteElo "2248"]
[BlackElo "2394"]
[TimeControl "180+1"]
[EndTime "11:18:25 PDT"]
[Termination "Trickov won on time"]

1. c4 c6 2. e4 d5 3. exd5 cxd5 4. d4 Nf6 5. Nc3 Nc6 6. Nf3 Bg4 7. cxd5 Nxd5 8.
Bc4 e6 9. O-O Nb6 10. Bb5 Rc8 11. h3 Bxf3 12. Qxf3 a6 13. Bxc6+ Rxc6 14. Rd1 Nd5 15. Ne4 Be7 16. a3 O-O 17. Bd2 Qb6 18.
Nc3 Rd8 19. b4 Qxd4 20. Be1 Qf6 21. Nxd5 exd5 22. Qd3 g6 23. Bd2 h5 24. Be3 Rc3 25.
Qd2 Rc4 26. Bd4 Qf5 27. Qb2 Rc2 28. Qb3 Bf6 29. Qe3 Bxd4 30. Rxd4 Kg7 31. Rad1 Re8 32.
Qd3 Qxd3 33. R4xd3 Ree2 0-1

[Event "*** Titled Tuesday Blitz"]
[Site "Chess.com"]
[Date "2021.04.06"]
[Round "7"]
[White "TigranMukhutdinov"]
[Black "shimastream"]
[Result "0-1"]
[WhiteElo "2604"]
[BlackElo "2944"]
[TimeControl "180+1"]
[EndTime "11:18:26 PDT"]
[Termination "shimastream won by resignation"]

1. Nf3 Nc6 2. d4 d5 3. g3 Bf5 4. Bg2 Qd7 5. h3 h5 6. c4 e6 7.
Nc3 O-O-O 8. cxd5 exd5 9. Qa4 f6 10. h4 Nge7 11. Bd2 Kb8 12. Rc1 Nc8 13. Bf4 Nb6 14. Qb5 Bg4 15. e3 Bd6 16. Bxd6 Qxd6 17. Na4 a6 18. Qb3 Na5 19. Qc2 Nxa4 20. Qxa4 Nc4 21.
Qb3 c6 22. Qc3 Rhe8 23. O-O Bxf3 24. Bxf3 g5 25. b3 Nxe3 26. fxe3 Qxg3+ 27. Bg2 Rxe3 28. Qd2 gxh4 29. Rce1 Rde8 30. Rxe3 Rxe3 31. Rxf6 h3 32. Rf8+ Ka7 0-1

[Event "*** Titled Tuesday Blitz"]
[Site "Chess.com"]
[Date "2021.04.06"]
[Round "7"]
[White "gmcorrales"]
[Black "federicosellitti"]
[Result "0-1"]
[WhiteElo "2771"]
[BlackElo "2597"]
[TimeControl "180+1"]
[EndTime "11:18:26 PDT"]
[Termination "federicosellitti won by resignation"]

1. e4 c5 2. Nf3 Nf6 3. d4 Nxe4 4. d5 Nf6 5. c4 d6 6. h3 g6 7. Bd3 Bg7 8. O-O O-O 9. Re1 e5 10.
dxe6 Bxe6 11. Nc3 Nc6 12. Bg5 h6 13. Bh4 Re8 14. Qd2 g5 15. Bg3 d5 16. cxd5 Nxd5 17. Ne4 b6 18. a3 Nf4 19. Bxf4 gxf4 20. Nd6 Re7 21. Be4 Rd7 22. Rad1 Nd4 23. Nxd4 Rxd6 24. Nxe6 Rxd2 25. Nxd8 Raxd8 26. Rb1 Bxb2 27. a4 Bd4 28. Kh2 Bxf2 29. Rec1 Bg3+ 30. Kh1 c4 31. Bf3 R8d4 32. a5 bxa5 33. Ra1 R2d3 34. Rxa5 c3 35. Rxa7 c2 36.
Raa1 Rd2 37. Bg4 Kg7 38. Bf5 Rd1+ 0-1

[Event "*** Titled Tuesday Blitz"]
[Site "Chess.com"]
[Date "2021.04.06"]
[Round "7"]
[White "MarcoRiehle"]
[Black "Isajevsky_Anton"]
[Result "0-1"]
[WhiteElo "2663"]
[BlackElo "2573"]
[TimeControl "180+1"]
[EndTime "11:18:26 PDT"]
[Termination "Isajevsky_Anton won by resignation"]

1. e4 c5 2. a3 d6 3. b4 Nf6 4.
Nc3 Nc6 5. b5 Nd4 6. Nge2 Bg4 7.
h3 Bh5 8. d3 e6 9. Bd2 d5 10.
Be3 Nxe2 11. Bxe2 Bxe2 12. Nxe2 dxe4 13. O-O Be7 14. Ng3 exd3 15. cxd3 O-O 16. Qf3 Qd5 17. Qe2 Rfd8 18. Rfd1 Bd6 19. a4 Rac8 20. Rac1 Be5 21. Rc4 b6 22. Ne4 Nxe4 23. Rxe4 Bf6 24. Rf4 c4 25. d4 c3 26. Rc1 e5 27. dxe5 Bxe5 28. Rf5 Bh2+ 29. Kxh2 Qxf5 30. Rc2 Qd3 31. Qxd3 Rxd3 32. Kg3 Rd1 33. a5 Rb1 34. axb6 axb6 35. Bxb6 Rb2 36. Rc1 c2 37. Be3 Rxb5 38. Kf3 Rb1 39.
Ke2 Rxc1 40. Bxc1 Rd8 41. Bd2 f5 42. f3 Kf7 43. g3 h6 44. Ke3 g5 45. Ke2 f4 46. g4 Ke6 47. Ke1 Kd5 48. Ke2 Kc4 49.
h4 Kb3 50. hxg5 hxg5 0-1

[Event "*** Titled Tuesday Blitz"]
[Site "Chess.com"]
[Date "2021.04.06"]
[Round "7"]
[White "MusicCityMaster"]
[Black "WonderChampion"]
[Result "1-0"]
[WhiteElo "2378"]
[BlackElo "2099"]
[TimeControl "180+1"]
[EndTime "11:18:27 PDT"]
[Termination "MusicCityMaster won by checkmate"]

1. e4 c5 2. Nf3 g6 3. d3 Bg7 4. g3 e6 5. Bg2 Ne7 6. O-O O-O 7. Re1 Nbc6 8. c3 d5 9. e5 h6 10. d4 c4 11. h4 b5 12. Bf4 a5 13.
Nbd2 b4 14. Nf1 Rb8 15. Qd2 a4 16. Bxh6 bxc3 17. bxc3 Qa5 18. N1h2 Nf5 19. Bxg7 Kxg7 20. Ng4 Rh8 21. Nf6 a3 22. Rab1 Ba6 23. Bh3 Bb5 24. Bxf5 exf5 25. Nd7 Rbd8 26. Nc5 Ba6 27. e6 f6 28. Nb7 Bxb7 29. Rxb7+ Kg8 30. Ne5 Nxe5 31. dxe5 Qa6 32. Re7 Rh5 33. exf6 Qc6 34. Rg7+ Kh8 35. e7 Re8 36. Rxg6 Rh7 37. Rh6 Qd6 38. Qg5 Rg8 39. Rxh7+ Kxh7 40. Qh5# 1-0

[Event "*** Titled Tuesday Blitz"]
[Site "Chess.com"]
[Date "2021.04.06"]
[Round "7"]
[White "AlexPapasimakopoulos"]
[Black "Bulldog167"]
[Result "0-1"]
[WhiteElo "2627"]
[BlackElo "2798"]
[TimeControl "180+1"]
[EndTime "11:18:28 PDT"]
[Termination "Bulldog167 won on time"]

1. d4 f5 2. e4 fxe4 3. Nc3 Nf6 4. Bg5 c6 5. f3 Qa5 6. Bxf6 exf6 7. fxe4 Bb4 8. Ne2 d5 9. exd5 O-O 10. a3 Bxc3+ 11. Nxc3 Re8+ 12. Be2 cxd5 13. O-O Nc6 14. Bf3 Be6 15.
Re1 Bf7 16. Qd2 Qb6 17. Nxd5 Qxd4+ 18. Qxd4 Nxd4 19. Ne3 Rxe3 20. Rxe3 Nxc2 21. Rae1 Kf8 22. Kf2 Nxe1 23. Rxe1 Rc8 24. Bxb7 Rb8 25. Be4 Rxb2+ 26.
Kg1 g6 27. Rc1 f5 28. Bf3 g5 29. h3 h5 30. Rc8+ Kg7 31. Rc7 Kf6 32. Rxa7 g4 33. hxg4 hxg4 34. Ba8 g3 35. Kf1 Bc4+ 36. Ke1 Ke5 37.
a4 Kd4 38. a5 Ra2 39. Rg7 f4 40. Rd7+ Kc3 0-1

[Event "*** Titled Tuesday Blitz"]
[Site "Chess.com"]
[Date "2021.04.06"]
[Round "7"]
[White "CakeinSpace2002"]
[Black "geordie_derraugh"]
[Result "1-0"]
[WhiteElo "2329"]
[BlackElo "2434"]
[TimeControl "180+1"]
[EndTime "11:18:33 PDT"]
[Termination "CakeinSpace2002 won by checkmate"]

1. e4 c5 2. Nf3 e6 3. d4 cxd4 4. Nxd4 Nc6 5. Nc3 Qc7 6. Be3 a6 7. a3 Nf6 8. f4 h5 9. Nxc6 dxc6 10. h3 h4 11. Qf3 Bd7 12. Bd3 O-O-O 13. O-O-O Qa5 14.
Ne2 c5 15. Nc3 Bc6 16. Qf2 Be7 17. Rd2 Rd7 18. Rhd1 c4 19. Bxc4 Bxa3 20. Nb1 Bxb2+ 21. Kxb2 Qb4+ 22. Bb3 Nxe4 23. Qe2 Nxd2 24. Rxd2 Rhd8 25.
Rxd7 Rxd7 26. Qf2 a5 27. Bc5 Qe4 28. Nc3 Qf5 29. Bb6 Qf6 30. Bxa5 e5 31. Qa7 Qd6 32.
fxe5 Qxe5 33. Bb6 Bxg2 34. Qa4 g5 35. Qg4 Bc6 36. Qh5 Re7 37. Qh6 Kd7 38. Qf8 Qd6 39. Qd8# 1-0

[Event "*** Titled Tuesday Blitz"]
[Site "Chess.com"]
[Date "2021.04.06"]
[Round "7"]
[White "LEGENYA1998"]
[Black "serena-maria"]
[Result "1-0"]
[WhiteElo "2232"]
[BlackElo "2339"]
[TimeControl "180+1"]
[EndTime "11:18:34 PDT"]
[Termination "LEGENYA1998 won by checkmate"]

1. e4 c5 2. Nf3 d6 3. d4 cxd4 4. Nxd4 Nf6 5. Nc3 g6 6. Be3 Bg7 7. f3 O-O 8. Bc4 Nc6 9. Qd2 Nd7 10. O-O-O Nb6 11. Be2 Na5 12. b3 Bd7 13. h4 Rc8 14. h5 Qc7 15. Kb2 Nbc4+ 16. bxc4 Nxc4+ 17. Bxc4 Qxc4 18. Nd5 Be6 19. hxg6 fxg6 20. Nxe7+ Kf7 21. Nd5 Rc5 22. Rxh7 Bxd5 23. exd5 Qxd5 24. Bh6 Rg8 25. Qf4+ Ke8 26. Rxg7 Rb5+ 27. Nxb5 Qxb5+ 28. Kc1 Rxg7 29. Bxg7 Qc5 30. Qxd6 Qe3+ 31. Qd2 Qa3+ 32. Bb2 Qxa2 33. Qd7+ Kf8 34. Qg7+ Ke8 35. Re1+ Kd8 36. Qf8+ Kd7 37. Re7+ Kc6 38. Qc8+ Kb6 39. Rxb7+ Ka6 40. Rb3+ Ka5 41. Bc3+ Ka4 42. Qa6# 1-0

[Event "*** Titled Tuesday Blitz"]
[Site "Chess.com"]
[Date "2021.04.06"]
[Round "7"]
[White "bylavochka"]
[Black "ChampStan"]
[Result "0-1"]
[WhiteElo "2224"]
[BlackElo "2051"]
[TimeControl "180+1"]
[EndTime "11:18:34 PDT"]
[Termination "ChampStan won by resignation"]

1. e4 e5 2. Nc3 Nf6 3. g3 d5 4.
exd5 Nxd5 5. Bg2 Nxc3 6. bxc3 Bc5 7. d3 O-O 8. Ne2 c6 9. h3 Be6 10. O-O Nd7 11. Kh2 Bb6 12. f4 f6 13. fxe5 Nxe5 14.
Bf4 Bc7 15. Nd4 Bd5 16. Nf3 Nxf3+ 17. Bxf3 Bxf4 18. Bxd5+ Qxd5 19. Rxf4 Rfe8 20. Qf1 Re3 21. c4 Qe6 22. Rb1 b6 23. Rd1 Re8 24. Rd2 Qd6 25.
Rdf2 h5 26. R4f3 h4 27. Qg2 R8e5 28. Kh1 Re1+ 29. Rf1 R5e2 30. Rxe1 Rxe1+ 31. Kh2 Qe5 32. Rf2 Re3 33. Rf3 Re2 34. Rf2 hxg3+ 35. Qxg3 Rxf2+ 0-1

[Event "*** Titled Tuesday Blitz"]
[Site "Chess.com"]
[Date "2021.04.06"]
[Round "7"]
[White "mikolka1985"]
[Black "DamianoLew95"]
[Result "0-1"]
[WhiteElo "2660"]
[BlackElo "2570"]
[TimeControl "180+1"]
[EndTime "11:18:35 PDT"]
[Termination "DamianoLew95 won by resignation"]

1. d4 d5 2. c4 c6 3. Nf3 Nf6 4. Nc3 e6 5. Bg5 Nbd7 6. e3 Qa5 7.
cxd5 Nxd5 8. Rc1 Bb4 9. a3 Nxc3 10. axb4 Nxd1 11. bxa5 Nxb2 12. Ra1 b5 13. Rc1 Bb7 14. Nd2 a6 15. Be2 Rc8 16. Rb1 Na4 17. Bf3 f6 18. Bh4 e5 19. Nb3 Rc7 20. Kd2 c5 21. Bxb7 Rxb7 22. dxc5 Ndxc5 23. Nxc5 Nxc5 24. Rhc1 Rc7 25. Kc3 Ke7 26. Kd2 Rhc8 27. Ke2 Ke6 28. f3 Na4 29.
Rxc7 Rxc7 30. Ra1 Rc2+ 31. Kf1 Nc3 32. Be1 b4 33. Bxc3 Rxc3 34. Ra4 Rc4 35. Ke2 Kd5 36. Kd3 Kc5 37. Ra1 Rc3+ 38. Kd2 Kc4 39. h4 Rd3+ 40. Ke2 Rd7 41. h5 h6 42. g4 b3 43.
Rc1+ Kb4 44. Rc8 b2 45. Rb8+ Ka3 46. f4 exf4 47. exf4 Ka2 0-1

[Event "*** Titled Tuesday Blitz"]
[Site "Chess.com"]
[Date "2021.04.06"]
[Round "7"]
[White "Kildepiotr"]
[Black "Keks2017"]
[Result "0-1"]
[WhiteElo "2656"]
[BlackElo "2558"]
[TimeControl "180+1"]
[EndTime "11:18:35 PDT"]
[Termination "Keks2017 won by resignation"]

1. Nf3 Nf6 2. g3 g6 3. Bg2 Bg7 4. O-O O-O 5. d4 d6 6. Nbd2 c5 7. dxc5 dxc5 8. e4 Nc6 9. c3 Qc7 10. Qc2 b6 11. Re1 Ba6 12. Bf1 Bxf1 13. Nxf1 Rad8 14.
Bf4 Qc8 15. Rad1 Rxd1 16. Rxd1 Rd8 17. Rxd8+ Qxd8 18. Ne5 Nxe5 19. Bxe5 Ng4 20. Bxg7 Kxg7 21. f4 Qd7 22. h3 Nf6 23. e5 Nd5 24. Qd3 Qc6 25. Nd2 Nc7 26. Qe4 Qd7 27. Qg2 Qd3 28.
Kh2 Nd5 29. Nf3 Ne3 30. Qf2 Nd1 31. Qg2 Qb1 32. g4 Qxb2 33. Qxb2 Nxb2 34. Nd2 Nd3 35. Kg3 Nc1 36. Kf3 Nxa2 37. c4 Nb4 38. Ke4 a5 39. Nb1 a4 40. Na3 f6 41. e6 Kf8 42. h4 Ke8 43. f5 gxf5+ 44. gxf5 h5 45. Nb5 Kd8 46.
Ke3 Kc8 47. Kd2 Nc6 48. Kc3 Ne5 49. Na7+ Kc7 50. Nb5+ Kd8 51. Na7 Nf3 52. Nc6+ Ke8 53. Kb2 Nxh4 54. Ka3 Nxf5 55. Kxa4 h4 56. Kb5 h3 0-1

[Event "*** Titled Tuesday Blitz"]
[Site "Chess.com"]
[Date "2021.04.06"]
[Round "7"]
[White "rynos0411"]
[Black "jacky72"]
[Result "0-1"]
[WhiteElo "2445"]
[BlackElo "2706"]
[TimeControl "180+1"]
[EndTime "11:18:35 PDT"]
[Termination "jacky72 won by checkmate"]

1. d4 Nf6 2. c4 g6 3. Nc3 Bg7 4. e4 O-O 5. Be3 d6 6. h3 c5 7. Nf3 cxd4 8. Nxd4 b6 9. Bd3 Bb7 10. O-O Nbd7 11. Bc2 Rc8 12. b3 Nc5 13. f3 Nfd7 14. Rc1 Ne5 15. Qd2 Nc6 16. Nxc6 Bxc6 17. Bh6 Bxh6 18.
Qxh6 Qd7 19. Rfd1 Qe6 20. b4 Qxc4 21. bxc5 Qxc3 22. Bb3 Qe5 23. cxd6 exd6 24. h4 Bb7 25. h5 d5 26. hxg6 hxg6 27. Rxc8 Rxc8 28. exd5 Rd8 29.
Qd2 Rd6 30. Re1 Qf6 31. Qh6 Rd8 32. Re4 Qa1+ 33. Kh2 Qh8 34. Qxh8+ Kxh8 35. Ra4 a5 36. Rf4 Kg7 37. Kg1 Rd7 38. Kf2 Bxd5 39. Rd4 Be6 40.
Rxd7 Bxd7 41. Ke3 Kf6 42. Kd4 Be6 43. Bxe6 Kxe6 44. Kc4 Kd6 45. Kb5 Kc7 46. f4 f5 47.
a4 Kb7 48. Kc4 Kc6 49. Kd4 b5 50. axb5+ Kxb5 51. Kc3 a4 52. Kb2 Kb4 53. Kc2 a3 54. Kb1 Kb3 55. Ka1 a2 56. g3 Ka3 57. g4 fxg4 58.
f5 g3 59. fxg6 g2 60. g7 g1=R# 0-1

[Event "*** Titled Tuesday Blitz"]
[Site "Chess.com"]
[Date "2021.04.06"]
[Round "7"]
[White "Ze-Pequeno"]
[Black "DrCeltic"]
[Result "1-0"]
[WhiteElo "2274"]
[BlackElo "2465"]
[TimeControl "180+1"]
[EndTime "11:18:35 PDT"]
[Termination "Ze-Pequeno won by checkmate"]

1. e4 c5 2. Nf3 e6 3. d4 cxd4 4. Nxd4 a6 5. Bd3 d6 6. O-O Nf6 7. c4 Be7 8. Nc3 O-O 9. Bd2 Nbd7 10. Qe2 Qc7 11. f4 Nc5 12. Bc2 b6 13. Rae1 Bb7 14. e5 Nfd7 15. b4 dxe5 16. fxe5 Rad8 17. Nf3 Bxf3 18.
Rxf3 Nb7 19. Bxh7+ Kxh7 20. Rh3+ Kg8 21. Qh5 f6 22. Qh7+ Kf7 23. Rg3 Rg8 24. Qg6+ Kf8 25.
Bh6 Nxe5 26. Bxg7+ Rxg7 27. Qxg7+ Ke8 28. Qg8+ Kd7 29.
Rd1+ Kc8 30. Qxe6+ Kb8 31. Nd5 Rxd5 32. Qxd5 Bxb4 33. Rg8+ Ka7 34. Kh1 Qc5 35. Qxc5 Bxc5 36. h4 Nxc4 37. h5 Be3 38. Rd7 Ne5 39. Re7 Bh6 40. Rh8 Bg5 41. Rhh7 a5 42. Rxb7+ Ka6 43.
a4 b5 44. axb5# 1-0

[Event "*** Titled Tuesday Blitz"]
[Site "Chess.com"]
[Date "2021.04.06"]
[Round "7"]
[White "Camels1981"]
[Black "Yaryi_sergey"]
[Result "1-0"]
[WhiteElo "2382"]
[BlackElo "2507"]
[TimeControl "180+1"]
[EndTime "11:18:35 PDT"]
[Termination "Camels1981 won by resignation"]

1. e4 c6 2. d4 Na6 3. Bxa6 Qa5+ 4. Nc3 Qxa6 5. Qe2 b6 6. Qxa6 Bxa6 7. Nge2 g6 8. O-O Bg7 9. Rd1 e6 10. d5 Nf6 11. Bf4 O-O 12. dxc6 dxc6 13. Be5 Rfd8 14. Nd4 c5 15. Nc6 Re8 16. Bg3 Bb7 17. Ne5 Nxe4 18. Rd7 Bxe5 19. Bxe5 Nxc3 20. Bxc3 Bc6 21. Rc7 Bd5 22. Bf6 Rec8 23. Rxc8+ Rxc8 24. a4 a5 25. Rd1 c4 26. h4 Kf8 27. h5 Ke8 28. hxg6 hxg6 29.
Kh2 Kd7 30. Kg3 Kc6 31. f3 b5 32. axb5+ Kxb5 33. Kf4 a4 34. Ke5 Rc7 35. Kd6 Rb7 36.
Bc3 Rb6+ 37. Ke5 Rb8 38. Kf6 Rb7 39. Rf1 Kc6 40. g4 Ra7 41. f4 a3 42. bxa3 Rxa3 43. Bd4 Ra2 44. c3 Ra1 45. Rxa1 Kb5 46. f5 gxf5 47.
gxf5 exf5 48. Kxf5 Kc6 49. Ke5 Be6 50. Ra6+ Kd7 51.
Rxe6 fxe6 52. Bc5 Kc6 53. Bb4 Kd7 54. Kd4 Kc7 55. Kxc4 Kc6 56. Kd4 Kb5 57. Ke5 Kc4 58. Kxe6 Kb5 59. Ke5 Kc4 60. Ke4 Kb5 61. Kd3 Kc6 62. Kc2 1-0

[Event "*** Titled Tuesday Blitz"]
[Site "Chess.com"]
[Date "2021.04.06"]
[Round "7"]
[White "Fortitudine"]
[Black "mary-sanna"]
[Result "1-0"]
[WhiteElo "2282"]
[BlackElo "2108"]
[TimeControl "180+1"]
[EndTime "11:18:36 PDT"]
[Termination "Fortitudine won on time"]

1. c4 c5 2. g3 e6 3. Bg2 d5 4. Nf3 Nf6 5. O-O Be7 6. cxd5 exd5 7. d4 cxd4 8. Nxd4 Nc6 9. Nc3 O-O 10. Nxc6 bxc6 11.
Be3 Re8 12. Rc1 Ng4 13. Bd4 h5 14. Na4 Bd7 15. Nc5 Bxc5 16. Bxc5 h4 17. e3 Ne5 18.
Bd4 h3 19. Bh1 Ng4 20. Bf3 Qg5 21. Qc2 Ne5 22. Bh1 a6 23. f4 Qg4 24. fxe5 Rab8 25.
b3 Re6 26. Qf5 Rg6 27. Qxg4 Bxg4 28. Bf3 Bf5 29. Rc5 Bd3 30. Rfc1 f6 31. Rxc6 fxe5 32.
Rxg6 Bxg6 33. Bxd5+ Kh7 34. Bxe5 Rb5 35. e4 a5 36. a4 Rb4 37. Bc3 1-0

[Event "*** Titled Tuesday Blitz"]
[Site "Chess.com"]
[Date "2021.04.06"]
[Round "7"]
[White "Ind1anStar"]
[Black "Romadk"]
[Result "1-0"]
[WhiteElo "2508"]
[BlackElo "2351"]
[TimeControl "180+1"]
[EndTime "11:18:37 PDT"]
[Termination "Ind1anStar won by checkmate"]

1. d4 Nf6 2. Nf3 d5 3. Bf4 c5 4. e3 Nc6 5. Nbd2 Bf5 6. dxc5 e6 7. Nd4 Bxc5 8. Nxf5 exf5 9. Bd3 d4 10. O-O dxe3 11.
Re1 O-O 12. Bxe3 Bxe3 13. Rxe3 g6 14. h3 Nd5 15. Re1 Nf4 16. Bf1 Qg5 17. Re3 Rad8 18. g3 Nh5 19. h4 Qf6 20. Rd3 f4 21. g4 Ng7 22. g5 Qxb2 23. Rb1 Qxa2 24. Rxb7 Ne5 25.
Rxd8 Rxd8 26. Bg2 Qa5 27. Qe1 Ng4 28. Nf3 Nf5 29. Qxa5 Rd1+ 30. Ne1 f3 31. Bxf3 Ne5 32.
Qxe5 Nxh4 33. Rb8+ Rd8 34. Rxd8# 1-0

[Event "*** Titled Tuesday Blitz"]
[Site "Chess.com"]
[Date "2021.04.06"]
[Round "7"]
[White "beautroll"]
[Black "2Tilted"]
[Result "0-1"]
[WhiteElo "2454"]
[BlackElo "2346"]
[TimeControl "180+1"]
[EndTime "11:18:37 PDT"]
[Termination "2Tilted won by resignation"]

1. e4 c5 2. Nf3 e6 3. d4 cxd4 4. Nxd4 Nc6 5. Nc3 Qc7 6. g3 a6 7. Bg2 Nf6 8. O-O Nxd4 9. Qxd4 Bc5 10. Qd3 d6 11. Bf4 Nd7 12. Na4 e5 13. Be3 b5 14.
Nc3 Bb7 15. Rad1 Rd8 16. h4 O-O 17. Kh1 Bxe3 18. fxe3 Nf6 19. Rxf6 gxf6 20. Rf1 Qe7 21. Qe2 Kh8 22. Qh5 Rg8 23. Kh2 Rg7 24. a3 Rdg8 25. Rf3 d5 26. exd5 e4 27. Rf4 Rxg3 28. Bxe4 R3g7 29.
Rg4 f5 30. Qxf5 Qd6+ 31. Kh3 Bc8 32. Qf6 Bxg4+ 0-1

[Event "*** Titled Tuesday Blitz"]
[Site "Chess.com"]
[Date "2021.04.06"]
[Round "7"]
[White "Grineva_Marianna"]
[Black "alejogarcia1999"]
[Result "0-1"]
[WhiteElo "2256"]
[BlackElo "2420"]
[TimeControl "180+1"]
[EndTime "11:18:37 PDT"]
[Termination "alejogarcia1999 won on time"]

1. e4 c5 2. Nf3 e6 3. d4 cxd4 4. Nxd4 Nc6 5. Nc3 Nf6 6. Ndb5 d6 7. Bf4 e5 8. Bg5 a6 9. Na3 b5 10. Nd5 Be7 11. Bxf6 Bxf6 12. c3 Bg5 13. Nc2 Rb8 14.
Be2 O-O 15. O-O Be6 16. Ncb4 Nxb4 17. Nxb4 Qb6 18. Nd5 Qb7 19. Qd3 Bxd5 20. exd5 f5 21. Rad1 Qe7 22. Qh3 e4 23. b3 Rf6 24. c4 Bf4 25. g3 Be5 26. cxb5 axb5 27. Rc1 Qf7 28. Rfd1 Qa7 29. Rc2 Bd4 30. Bf1 Bc5 31. Rdc1 b4 32. Re1 Rbf8 33. Qg2 f4 34. Rxe4 fxg3 35. Rxc5 Qxc5 36.
Qxg3 Rxf2 37. Rc4 Rxf1+ 38. Kg2 Rg1+ 39. Kh3 Rxg3+ 40. hxg3 Qxd5 41. Kh2 Rf2+ 42. Kh3 Qh5+ 0-1

[Event "*** Titled Tuesday Blitz"]
[Site "Chess.com"]
[Date "2021.04.06"]
[Round "7"]
[White "TimKett"]
[Black "Trickster_Pony"]
[Result "1/2-1/2"]
[WhiteElo "2235"]
[BlackElo "1559"]
[TimeControl "180+1"]
[EndTime "11:18:37 PDT"]
[Termination "Game drawn by repetition"]

1. e4 c5 2. Nf3 g6 3. d4 cxd4 4. Nxd4 Bg7 5. Nc3 Nc6 6. Be3 Nf6 7. Bc4 O-O 8. Bb3 d5 9. exd5 Na5 10. Qf3 Bg4 11. Qg3 Bh5 12. d6 exd6 13. O-O Nxb3 14.
axb3 Re8 15. Ndb5 d5 16. Nc7 Ne4 17. Nxe4 Be5 18. Bf4 Bxf4 19. Qxf4 Rxe4 20. Qg3 Rg4 21.
Qe5 Rg5 22. Qf4 Rf5 23. Qg3 Rg5 24. Qf4 Rg4 25. Qe5 Rc8 26. Nxd5 Rxc2 27. Nf6+ Kf8 28. Nxg4 Bxg4 29. f3 Qd2 30. Qh8+ Ke7 31. Qe5+ Be6 32. Qg3 Rxb2 33. Rad1 Qc2 34. Qd6+ Kf6 35. Qd4+ Kf5 36.
Qg4+ Kf6 37. Qd4+ Kf5 38. Qg4+ Kf6 39. Qd4+ 1/2-1/2

[Event "*** Titled Tuesday Blitz"]
[Site "Chess.com"]
[Date "2021.04.06"]
[Round "7"]
[White "Chessbard1972"]
[Black "Ave_Mariia"]
[Result "0-1"]
[WhiteElo "2326"]
[BlackElo "2470"]
[TimeControl "180+1"]
[EndTime "11:18:38 PDT"]
[Termination "Ave_Mariia won by checkmate"]

1. e4 c5 2. Nf3 d6 3. d4 cxd4 4.
Nxd4 Nf6 5. Nc3 g6 6. Be2 Bg7 7.
O-O Nc6 8. Nb3 O-O 9. Kh1 Be6 10. Bg5 Rc8 11. f4 a6 12. a4 Na5 13. f5 Bc4 14.
Bd3 Nxb3 15. cxb3 Bxd3 16. Qxd3 Nd7 17. Nd5 Re8 18. Rad1 Ne5 19. Qd2 f6 20. Be3 Rc6 21.
a5 e6 22. Nb6 Qc7 23. Rc1 exf5 24. exf5 Rxc1 25. Rxc1 Nc6 26. Bf4 Qe7 27. h3 Qe4 28. Qd5+ Qxd5 29. Nxd5 Re2 30. Bxd6 Rxb2 31. b4 gxf5 32.
Ne7+ Kf7 33. Nxc6 bxc6 34. Rxc6 Bh6 35. Rxa6 Bd2 36. Rb6 f4 37. a6 Be3 38. Rb7+ Ke6 39. Bc7 Rb1+ 40. Kh2 Bg1+ 41. Kh1 Bf2+ 42. Kh2 Bg3# 0-1

[Event "*** Titled Tuesday Blitz"]
[Site "Chess.com"]
[Date "2021.04.06"]
[Round "7"]
[White "Alexander_Zubov"]
[Black "Sam_ChessMood"]
[Result "1/2-1/2"]
[WhiteElo "2987"]
[BlackElo "2885"]
[TimeControl "180+1"]
[EndTime "11:18:39 PDT"]
[Termination "Game drawn by repetition"]

1. d4 Nf6 2. c4 e6 3. Nf3 d5 4. Nc3 Nbd7 5. cxd5 exd5 6. Bf4 Nb6 7. e3 Bf5 8. Be2 Bd6 9. Bg5 O-O 10. O-O c6 11.
Ne5 Be7 12. a4 a5 13. Qb3 Ra7 14. Rac1 Nc8 15. f3 Nd6 16. Rfe1 Nd7 17. Bf4 Be6 18. Qc2 Re8 19. Bd3 Nf8 20. Rcd1 Qb6 21. Kh1 Raa8 22. Bg3 Rad8 23. Ne2 Ng6 24. Nf4 Bf6 25. Nh5 Be7 26. h3 Bf8 27. b3 Rc8 28. Nf4 c5 29. Qb1 c4 30. bxc4 Qxb1 31. Bxb1 Nxe5 32. dxe5 Nxc4 33. Nxd5 Nb2 34. Rd4 Bc5 35. Rd2 Nc4 36. Rd3 Nb2 37. Rd2 Nc4 38. Rdd1 Nb2 39. Rd2 1/2-1/2

[Event "*** Titled Tuesday Blitz"]
[Site "Chess.com"]
[Date "2021.04.06"]
[Round "7"]
[White "KubaGepard"]
[Black "elohunter1999"]
[Result "0-1"]
[WhiteElo "2385"]
[BlackElo "2534"]
[TimeControl "180+1"]
[EndTime "11:18:39 PDT"]
[Termination "elohunter1999 won by resignation"]

1. d4 Nf6 2. Nf3 b5 3. e3 a6 4. a4 b4 5. Bd3 Bb7 6. Nbd2 e6 7.
b3 c5 8. Bb2 Be7 9. O-O O-O 10.
Qe2 a5 11. dxc5 Bxc5 12. Ng5 d6 13. Nge4 Nbd7 14. Qf3 Nxe4 15. Nxe4 Qe7 16. Qh3 f5 17. Nxc5 Nxc5 18. Bc4 d5 19. Bb5 Ba6 20. Rad1 Bxb5 21. axb5 a4 22. bxa4 Nxa4 23. Be5 Nc3 24. Bxc3 bxc3 25.
e4 fxe4 26. Qxc3 Rfc8 27. Qb3 Qc5 28. Rd2 Rab8 29. Rb1 Rb6 30. Qb4 Qxb4 31. Rxb4 Rc5 32. c4 dxc4 33. g3 Rbxb5 34. Rxb5 Rxb5 35. Kf1 Rc5 36. Ke2 Kf7 37. Ke3 Kf6 38. Kxe4 c3 39. Rc2 Kg5 40. f3 e5 41. Kd3 Kf5 42. Rxc3 Rxc3+ 43. Kxc3 e4 44. f4 Kg4 45. Kd2 Kf3 46. Ke1 h5 47. f5 Kg2 48. Ke2 Kxh2 49. Ke3 Kxg3 0-1